Match 41649874
Unlisted

Match 41649874
End
Pioneer Squad
Construct Infanterie Kompanie
MG 42 Machine Gun Team
Selects Terror Battlegroup
Selects Machine Gun Camouflage
MG 42 Machine Gun Team
MG 42 Machine Gun Team
Construct Luftwaffe Kompanie
Jäger Squad
Jäger Squad
Support Elements
Wirbelwind Flakpanzer
Medical Bunker
Luftwaffe Officer Quarters
Wirbelwind Flakpanzer
Selects No Quarter
カルト_くん
馬格南警官
!!!!!!!!!!!!
applejuice
0
0

Comments sign in to comment!

No comments posted yet!